 Dungeon Crawl Stone Soup version 0.27.1-33-g824d729ab1 (webtiles) character file.

Game seed: 17931825253319167016

670 Jazqba the Cleaver (level 7, -2/57 HPs)
             Began as a Hill Orc Fighter on Dec 13, 2021.
             Was a Follower of Okawaru.
             Succumbed to a killer bee's poison
             ... on level 8 of the Dungeon.
             The game lasted 00:08:54 (5062 turns).

Jazqba the Cleaver (Hill Orc Fighter)               Turns: 5062, Time: 00:08:55

Health: -2/57      AC:  6    Str: 21    XL:     7   Next: 58%
Magic:  7/7        EV:  7    Int:  8    God:    Okawaru [*.....]
Gold:   184        SH:  9    Dex: 10    Spells: 6/6 levels left

rFire    . . .     SeeInvis .   a - +0 war axe
rCold    . . .     Faith    .   c - +0 kite shield
rNeg     . . .     Spirit   .   b - +0 scale mail
rPois    .         Reflect  .   (no helmet)
rElec    .         Harm     .   (no cloak)
rCorr    .         Rampage  .   (no gloves)
Will     .....                  (no boots)
Stlth    ..........             (no amulet)
HPRegen  0.19/turn              (no ring)
MPRegen  0.10/turn              (no ring)

@: lethally poisoned (-2 -> -14), about to teleport
A: no striking features
a: Renounce Religion, Heroism


You were on level 8 of the Dungeon.
You worshipped Okawaru.
Okawaru was aware of your devotion.
You visited 2 branches of the dungeon, and saw 7 of its levels.

You collected 226 gold pieces.
You spent 42 gold pieces at shops.

Inventory:

Hand Weapons
 a - a +0 war axe (weapon)
Armour
 b - a +0 scale mail (worn)
 c - a +0 kite shield (worn)
Wands
 k - a wand of polymorph (10)
Scrolls
 e - a scroll of teleportation
 g - 5 scrolls of identify
 h - a scroll of fog {unknown}
 i - a scroll of magic mapping {unknown}
 l - a scroll of acquirement {unknown}
 o - a scroll of summoning {unknown}
Potions
 d - a potion of haste
 f - 3 potions of curing {unknown}
 j - a potion of flight {unknown}
 m - a potion of resistance {unknown}
 n - a potion of brilliance {unknown}


   Skills:
 - Level 3.6 Fighting
 + Level 10.7 Axes
 - Level 3.2 Armour
 - Level 3.2 Shields


You had 6 spell levels left.
You didn't know any spells.
Your spell library was empty.

Dungeon Overview and Level Annotations

Branches:
Dungeon (5/15)             Temple (1/1) D:4

Altars:
Cheibriados
Elyvilon
Gozag
Nemelex Xobeh
Okawaru
Qazlal
Sif Muna
Trog
Wu Jian
The Shining One

Shops:
D:3 ?=*


Message History

A boulder beetle comes into view.
Found a pair of gloves.
You feel sick.
The boulder beetle moves out of view.
Okay, then.
You feel sick.
The boulder beetle leaps!
You feel sick.
You feel sick.
The boulder beetle curls into a ball and begins rolling!
You feel sick.
You are no longer poisoned. 3 killer bees come into view.
The killer bee buzzes angrily.
You hear an angry buzzing noise.
A killer bee comes into view.
The killer bee moves out of view.
You block the killer bee's attack.
The killer bee stings you but does no damage.
The killer bee stings you.
* * * LOW HITPOINT WARNING * * *
You are poisoned.
The killer bee poisons you!
The killer bee stings you but does no damage.
The killer bee closely misses you. You block the killer bee's attack. x2
You closely miss the killer bee.
You hit the boulder beetle but do no damage.
You barely miss the killer bee.
You hit the killer bee but do no damage.
You feel sick. The killer bee stings you.
* * * LOW HITPOINT WARNING * * *
You block the killer bee's attack. The killer bee barely misses you.
The killer bee closely misses you. The killer bee stings you.
* * * LOW HITPOINT WARNING * * *
You block the boulder beetle's attack.
The boulder beetle stops rolling and uncurls.
The killer bee stings you but does no damage.
The killer bee stings you.
* * * LOW HITPOINT WARNING * * *
You are more poisoned.
The killer bee poisons you! The killer bee barely misses you.
As you read the scroll of teleportation, it crumbles to dust.
You feel strangely unstable.
You die...

... ... .. # ..
.##.##.# .. ..y#
#.##y## #...y@#
####yB# #
#.#####..# ...
#........###.....
#####....○.B°°°.
#.#.##......
###.#.# .....
#.....# ####
#......##


You could see a boulder beetle and 4 killer bees.

Vanquished Creatures
  A necrophage (D:4)
  An ogre (D:5)
  A water moccasin zombie (D:5)
  A killer bee (D:8)
  A howler monkey (D:4)
  4 hounds
  A jelly (D:5)
  2 orc wizards
  Natasha (twice) (D:2)
  5 adders
  An adder skeleton (D:4)
  A dart slug (D:3)
  4 orcs
  2 ball pythons
  5 endoplasms
  4 giant cockroaches
  6 goblins
  6 hobgoblins
  4 quokkas
  6 bats
  4 frilled lizards
  5 kobolds
67 creatures vanquished.

Notes
Turn   | Place    | Note
-------+----------+-------------------------------------------
     0 | D:1      | Jazqba the Hill Orc Fighter began the quest for the Orb.
     0 | D:1      | Reached XP level 1. HP: 19/19 MP: 1/1
     2 | D:1      | Noticed a felid
     4 | D:1      | Noticed a dwarf
     6 | D:1      | Noticed a draconian
     6 | D:1      | Noticed a formicid
     8 | D:1      | Noticed a spriggan
     8 | D:1      | Noticed a djinni
    10 | D:1      | Noticed a tengu
    10 | D:1      | Noticed a gargoyle
    12 | D:1      | Noticed a demonspawn
    12 | D:1      | Noticed a barachi
    14 | D:1      | Noticed a vampire
    14 | D:1      | Noticed a vine stalker
    16 | D:1      | Noticed a naga
    16 | D:1      | Noticed a minotaur
    18 | D:1      | Noticed a demigod
    18 | D:1      | Noticed a palentonga
    18 | D:1      | You fall into a shaft and drop 1 floor!
    28 | D:2      | Reached skill level 3 in Axes
    60 | D:2      | Reached skill level 4 in Axes
    60 | D:2      | Reached XP level 2. HP: 14/26 MP: 2/2
   342 | D:2      | Reached XP level 3. HP: 12/31 MP: 3/3
   853 | D:2      | Noticed Natasha
   862 | D:2      | Killed Natasha
   863 | D:2      | Reached skill level 5 in Axes
   863 | D:2      | Reached XP level 4. HP: 8/39 MP: 4/4
  1070 | D:2      | Noticed Natasha
  1078 | D:2      | Killed Natasha
  1079 | D:2      | Reached skill level 6 in Axes
  1208 | D:1      | Found a faded altar of an unknown god.
  1685 | D:1      | Noticed a ghoul
  1685 | D:1      | Noticed a human
  2485 | D:3      | Found Tullul's Assorted Antiques.
  2539 | D:3      | Found Cets's Jewellery Emporium.
  2587 | D:2      | Reached XP level 5. HP: 45/45 MP: 5/5
  2866 | D:3      | Found Bevainaowo's Magic Scroll Shoppe.
  2871 | D:3      | Bought a scroll of teleportation for 42 gold pieces
  3186 | D:4      | Reached skill level 7 in Axes
  3489 | D:4      | Found a stormy altar of Qazlal.
  3584 | D:4      | Reached skill level 8 in Axes
  3584 | D:4      | Reached XP level 6. HP: 30/51 MP: 6/6
  4052 | D:4      | Found a staircase to the Ecumenical Temple.
  4067 | Temple   | Entered the Ecumenical Temple
  4172 | Temple   | Became a worshipper of Warmaster Okawaru
  4307 | D:4      | Noticed a necrophage
  4315 | D:4      | Killed a necrophage
  4422 | D:5      | Entered Level 5 of the Dungeon
  4425 | D:5      | Found a glowing golden altar of the Shining One.
  4452 | D:4      | Reached skill level 9 in Axes
  4686 | D:5      | Found an opulent altar of Gozag.
  4738 | D:5      | Reached XP level 7. HP: 44/57 MP: 7/7
  4846 | D:5      | Reached * piety under Okawaru
  4847 | D:5      | Reached skill level 10 in Axes
  5042 | D:5      | You fall into a shaft and drop 3 floors!
  5053 | D:8      | Noticed a boulder beetle
  5061 | D:8      | HP: 1/57 [killer bee (2)]
  5062 | D:8      | Succumbed to a killer bee's poison

Illustrated notes

Levels and vault maps discovered:
D:1:      kb_arrival_jail, layout_basic,
          shapermc_ecumenical_altar_mp_ritualfount, item_on_display_a
D:2:      minmay_chambers_of_twos, layout_loops_ring, uniq_natasha
D:3:      layout_loops_cross, serial_shops, nicolae_diamond_shop, shop, shop
D:4:      layout_loops_ring, mainiacjoe_overflow_six_doors_small,
          minmay_temple_entry_steel_oval, hex_large,
          eino_small_chamber_without_monster, eino_small_chamber_without_monster
D:5:      layout_gridville, mainiacjoe_overflow_concentric_impassable,
          nicolae_vehumet_altar_sigil, nicolae_gozag_seed_capital,
          mainiacjoe_overflow_catwalk, uniq_pikel
D:8:      layout_loops_cross, gammafunk_ghost_ooze
Temple:   nicolae_temple_figure_eight

Skill      XL: |  1  2  3  4  5  6  7 |
---------------+----------------------+-----
Axes           | 4 5 6 8 9 10 | 10.7
Fighting       | |  3.6
Armour         | |  3.2
Shields        | |  3.2

Action                   |  1- 3 |  4- 6 |  7- 9 || total
-------------------------+-------+-------+-------++-------
Melee: War axe           |    41 |   160 |    36 ||   237
  Use: Scroll            |       |     1 |     1 ||     2
       Potion            |       |     1 |       ||     1
Armor: Scale mail        |    22 |    85 |    11 ||   118
Dodge: Dodged            |    13 |    48 |    14 ||    75
Block: Kite shield       |    23 |    72 |    22 ||   117
